 Dungeon Crawl Stone Soup version 0.26.1-11-gd32895ea62 (webtiles) character file.

Game seed: 560438976682601545

119 Towns the Chopper (level 5, -19/47 HPs)
             Began as a Hill Orc Monk on June 29, 2021.
             Demolished by an orc wizard
             ... wielding a +1 dagger of distortion
              (20 damage)
             ... on level 2 of the Dungeon.
             The game lasted 00:11:37 (2754 turns).

Towns the Chopper (Hill Orc Monk)                   Turns: 2754, Time: 00:11:39

Health: -19/47     AC:  7    Str: 15    XL:     5   Next: 3%
Magic:  5/5        EV: 11    Int: 10    God:
Gold:   78         SH:  0    Dex: 13    Spells: 4/4 levels left

rFire    . . .     SeeInvis .   a - +0 hand axe
rCold    . . .     Faith    .   (no shield)
rNeg     . . .     Spirit   .   f - +0 ring mail
rPois    +         Reflect  .   (no helmet)
rElec    .         Harm     .   (no cloak)
rCorr    .         Rampage  .   (no gloves)
Will     .....                  (no boots)
Stlth    ..........             (no amulet)
HPRegen  0.15/turn              (no ring)
MPRegen  0.09/turn              (no ring)

@: confused
A: iridescent scales 1, poison resistance
a: no special abilities


You were on level 2 of the Dungeon.
You visited 1 branch of the dungeon, and saw 2 of its levels.

You collected 78 gold pieces.

Inventory:

Hand Weapons
 a - a +0 hand axe (weapon)
Missiles
 c - 17 stones (quivered)
Armour
 d - a +0 chain mail
 f - a +0 ring mail (worn)
 h - a +2 pair of boots
Jewellery
 e - an uncursed amulet of the acrobat {unknown}
Scrolls
 b - a scroll of identify
 j - a scroll of blinking {unknown}


   Skills:
 + Level 4.5 Fighting
 * Level 5.9 Axes
 + Level 2.2 Armour
 - Level 2.4 Dodging
 - Level 1.5 Stealth


You had 4 spell levels left.
You didn't know any spells.
Your spell library was empty.

Dungeon Overview and Level Annotations

Branches:
Dungeon (2/15)

Altars:


Innate Abilities, Weirdness & Mutations

You are partially covered in iridescent scales. (AC +2)
Your system is resistant to poisons. (rPois)


Message History

It was a potion of cancellation.
You feel magically purged.
The orc wizard hits you but does no damage.
Space bends around you.
It was a potion of ambrosia.
You are confused.
You feel invigorated. The orc wizard barely misses you.
The orc wizard hits you but does no damage.
Space warps horribly around you!!
Ouch! That really hurt!
You are too confused!
The orc wizard hits you but does no damage.
Space warps horribly around you!!
* * * LOW HITPOINT WARNING * * *
The orc wizard hits you with a +1 dagger of distortion.
* * * LOW HITPOINT WARNING * * *
Space bends around you.
* * * LOW HITPOINT WARNING * * *
The orc wizard hits you but does no damage.
Space warps horribly around you!!
You die...

#....
#.##....##... .(.
##.##.......#. ...
##.........###.
.(.
#......###.##..
#(#
###...#..........
#.#
#.....#.####..#..
#)# #.....#.#
##....
##.#######.†...#..
###..
#..##..oo@.....##.
.......
#o###.##########
#....##.. #.##..#
#.. ##. ##.#..##
#. #.. #..o.## #
#.# #....# #..
#....# ### ######


You could see an orc wizard (fast) and an orc.

Vanquished Creatures
  An iguana (D:2)
  3 gnolls (D:2)
  2 adders (D:2)
  An ooze (D:1)
  3 worms (D:2)
  A dart slug (D:1)
  3 leopard geckos (D:1)
  An orc (D:2)
  4 bats
  2 giant cockroaches (D:2)
  A goblin (D:1)
  2 hobgoblins (D:1)
  A quokka (D:2)
  4 frilled lizards
  2 kobolds
  4 rats
35 creatures vanquished.

Vanquished Creatures (others)
  4 plants (D:1)
4 creatures vanquished.

Grand Total: 39 creatures vanquished

Notes
Turn   | Place    | Note
-------+----------+-------------------------------------------
     0 | D:1      | Towns the Hill Orc Monk began the quest for the Orb.
     0 | D:1      | Reached XP level 1. HP: 19/19 MP: 1/1
   327 | D:1      | Reached XP level 2. HP: 21/27 MP: 2/2
   530 | D:1      | Reached skill level 1 in Armour
  1009 | D:1      | Reached XP level 3. HP: 31/33 MP: 3/3
  1422 | D:2      | Reached skill level 5 in Axes
  2056 | D:2      | Reached XP level 4. HP: 40/40 MP: 4/4
  2523 | D:2      | Gained mutation: Your body sometimes deteriorates upon
                  | taking damage. [potion of mutation]
  2523 | D:2      | Gained mutation: You are partially covered in iridescent
                  | scales. (AC +2) [potion of mutation]
  2523 | D:2      | Lost mutation: Your body sometimes deteriorates upon taking
                  | damage. [potion of mutation]
  2523 | D:2      | Gained mutation: Your system is resistant to poisons.
                  | (rPois) [potion of mutation]
  2529 | D:2      | Reached XP level 5. HP: 35/47 MP: 5/5
  2754 | D:2      | HP: 1/47 [orc wizard/+1 dagger of distortion (3)]
  2754 | D:2      | Demolished by an orc wizard

Illustrated notes

Levels and vault maps discovered:
D:1:      minmay_arrival_four_loops, layout_basic, serial_bayou_lagoon_b
D:2:      layout_rooms, chequers_temple_overflow_minitemple

Skill      XL: |  1  2  3  4 |
---------------+-------------+-----
Armour         | 1 2 |  2.2
Fighting       | 4 |  4.5
Axes           | 5 |  5.9
Dodging        | |  2.4
Stealth        | |  1.5

Action                   |  1- 3 |  4- 6 || total
-------------------------+-------+-------++-------
Melee: Hand axe          |   137 |    46 ||   183
Throw: Stone             |    41 |    25 ||    66
  Use: Scroll            |     1 |       ||     1
       Potion            |       |     6 ||     6
 Stab: Sleeping          |     2 |       ||     2
Armor: Robe              |    13 |       ||    13
       Ring mail         |    18 |    14 ||    32
Dodge: Dodged            |    94 |    25 ||   119
